TOP OF THE 1ST |
Texas Tech Red Raiders batting - Pitching for Iowa Hawkeyes : RHP Rafael Souza
|
Pitching: RHP Rafael Souza
|
|
Batting: LHB Terry Neal
|
0-0: Swinging Strike 0-1: Ball 1-1: Ball 2-1: Foul Ball, location: 2F 2-2: Foul Ball, location: 2F 2-2: Strikes out swinging
|
Batting: RHB Ángel Herrera
|
0-0: Ball 1-0: Ball 2-0: Swinging Strike 2-1: Ball 3-1: Swinging Strike 3-2: Foul Ball, location: 2F 3-2: Strikes out swinging
|
Batting: LHB Arthur Guzmán
|
0-0: Called Strike 0-1: Ball 1-1: Ball 2-1: SINGLE (Groundball, 4) (infield hit)
|
Batting: RHB Gilberto Bautista
|
0-0: Ball 1-0: Foul Ball, location: 2F 1-1: Fly out, F2 (Popup, P)
|
Top of the 1st over - 0 run(s), 1 hit(s), 0 error(s), 1 left on base; Texas Tech 0 - Iowa 0 |
BOTTOM OF THE 1ST |
Iowa Hawkeyes batting - Pitching for Texas Tech Red Raiders : LHP José Martínez
|
Pitching: LHP José Martínez
|
|
Batting: RHB Chris Boner
|
0-0: Foul Ball, location: 2F 0-1: Ground out 5-3 (Groundball, 56S)
|
Batting: RHB Jim Sharry
|
0-0: Ground out 1-3 (Groundball, 13S)
|
Batting: RHB Pedro Cuevas
|
0-0: Called Strike 0-1: Ball 1-1: Foul Ball, location: 2F 1-2: Foul Ball, location: 2F 1-2: Ground out 5-3 (Groundball, 56S)
|
Bottom of the 1st over - 0 run(s), 0 hit(s), 0 error(s), 0 left on base; Texas Tech 0 - Iowa 0 |
TOP OF THE 2ND |
Texas Tech Red Raiders batting - Pitching for Iowa Hawkeyes : RHP Rafael Souza
|
Batting: RHB Nick McIntyre
|
0-0: Ball 1-0: Swinging Strike 1-1: Ball 2-1: Ball 3-1: Foul Ball, location: 2F 3-2: Strikes out swinging
|
Batting: RHB Sam Lynch
|
0-0: Called Strike 0-1: Ball 1-1: Ball 2-1: Called Strike 2-2: SINGLE (Line Drive, 7LS)
|
Batting: RHB Rodrigo Castillo
|
0-0: Called Strike 0-1: Foul Ball, location: 2F 0-2: Strikes out swinging
|
Batting: RHB Wayne Hanson
|
0-0: Ball 1-0: Swinging Strike 1-1: Called Strike Sam Lynch steals 2nd base 1-2: Strikes out swinging
|
Top of the 2nd over - 0 run(s), 1 hit(s), 0 error(s), 1 left on base; Texas Tech 0 - Iowa 0 |
BOTTOM OF THE 2ND |
Iowa Hawkeyes batting - Pitching for Texas Tech Red Raiders : LHP José Martínez
|
Batting: RHB Jim Jones
|
0-0: Swinging Strike 0-1: SINGLE (Groundball, 34) (infield hit)
|
Batting: RHB Stephen Spence
|
0-0: Called Strike 0-1: Fly out, F8 (Flyball, 8RM)
|
Batting: RHB Larry Davis
|
0-0: Swinging Strike Throwing error on steal attempt, E2 Jim Jones to third 0-1: Foul Ball, location: 2F 0-2: Ball 1-2: Fly out, F9 (Flyball, 89M) Runner from 3rd tags up, SCORES, throw made
|
Batting: LHB Al Cramer
|
0-0: Swinging Strike 0-1: Foul Ball, location: 2F 0-2: Foul Ball, location: 2F 0-2: Ball 1-2: Ball 2-2: SINGLE (Groundball, 4D)
|
Batting: RHB Rick Suárez
|
0-0: Called Strike 0-1: Called Strike 0-2: Fly out, F4 (Popup, 4D)
|
Bottom of the 2nd over - 1 run(s), 2 hit(s), 1 error(s), 1 left on base; Texas Tech 0 - Iowa 1 |
TOP OF THE 3RD |
Texas Tech Red Raiders batting - Pitching for Iowa Hawkeyes : RHP Rafael Souza
|
Batting: RHB David Walker
|
0-0: Called Strike 0-1: Called Strike 0-2: Ball 1-2: Strikes out swinging
|
Batting: LHB Terry Neal
|
0-0: Ball 1-0: Foul Ball, location: 2F 1-1: Foul Ball, location: 2F 1-2: Ball 2-2: Fly out, F2 (Popup, 2R)
|
Batting: RHB Ángel Herrera
|
0-0: Ball 1-0: Ball 2-0: Ball 3-0: Base on Balls
|
Batting: LHB Arthur Guzmán
|
0-0: Ball 1-0: DOUBLE (Line Drive, 7) Ángel Herrera to third Runner from 3rd tries for Home, SAFE, throw made at trailing runner, OUT at third!
|
Top of the 3rd over - 1 run(s), 1 hit(s), 0 error(s), 0 left on base; Texas Tech 1 - Iowa 1 |
BOTTOM OF THE 3RD |
Iowa Hawkeyes batting - Pitching for Texas Tech Red Raiders : LHP José Martínez
|
Batting: LHB Jim Hutchinson
|
0-0: Ball 1-0: Ball 2-0: Foul Ball, location: 2F 2-1: Foul Ball, location: 2F 2-2: Strikes out swinging
|
Batting: RHB Chris Boner
|
0-0: Foul Ball, location: 2F 0-1: Ball 1-1: Ball 2-1: SINGLE (Line Drive, 89S)
|
Batting: RHB Jim Sharry
|
0-0: Ball Chris Boner is caught stealing 2nd base 1-0: Ball 2-0: Foul Ball, location: 2F 2-1: Called Strike 2-2: Strikes out looking
|
Bottom of the 3rd over - 0 run(s), 1 hit(s), 0 error(s), 0 left on base; Texas Tech 1 - Iowa 1 |
TOP OF THE 4TH |
Texas Tech Red Raiders batting - Pitching for Iowa Hawkeyes : RHP Rafael Souza
|
Batting: RHB Gilberto Bautista
|
0-0: Called Strike 0-1: Ground out 5-3 (Groundball, 56)
|
Batting: RHB Nick McIntyre
|
0-0: Called Strike 0-1: Ball 1-1: Swinging Strike 1-2: Foul Ball, location: 2F 1-2: Foul Ball, location: 2F 1-2: Foul Ball, location: 2F 1-2: Ball 2-2: Foul Ball, location: 2F 2-2: Foul Ball, location: 2F 2-2: Strikes out swinging
|
Batting: RHB Sam Lynch
|
0-0: Ball 1-0: SINGLE (Line Drive, 4D)
|
Batting: RHB Rodrigo Castillo
|
0-0: Called Strike 0-1: Ball 1-1: Foul Ball, location: 2F 1-2: Strikes out looking
|
Top of the 4th over - 0 run(s), 1 hit(s), 0 error(s), 1 left on base; Texas Tech 1 - Iowa 1 |
BOTTOM OF THE 4TH |
Iowa Hawkeyes batting - Pitching for Texas Tech Red Raiders : LHP José Martínez
|
Batting: RHB Pedro Cuevas
|
0-0: Called Strike 0-1: Ball 1-1: Ball 2-1: Foul Ball, location: 2F 2-2: DOUBLE (Line Drive, 78D)
|
Batting: RHB Jim Jones
|
0-0: Called Strike 0-1: Foul Ball, location: 2F 0-2: Foul Ball, location: 2F 0-2: SINGLE (Flyball, 89S) Pedro Cuevas to third
|
Batting: RHB Stephen Spence
|
0-0: Ball 1-0: Called Strike 1-1: Called Strike 1-2: Strikes out swinging
|
Batting: RHB Larry Davis
|
0-0: Called Strike 0-1: Foul Ball, location: 2F 0-2: Strikes out swinging Jim Jones steals 2nd base Batter strikes out.
|
Batting: LHB Al Cramer
|
0-0: Swinging Strike 0-1: Foul Ball, location: 2F 0-2: Ball 1-2: Foul Ball, location: 2F 1-2: Ball 2-2: Ground out 4-3 (Groundball, 34)
|
Bottom of the 4th over - 0 run(s), 2 hit(s), 0 error(s), 2 left on base; Texas Tech 1 - Iowa 1 |
TOP OF THE 5TH |
Texas Tech Red Raiders batting - Pitching for Iowa Hawkeyes : RHP Rafael Souza
|
Batting: RHB Wayne Hanson
|
0-0: Called Strike 0-1: Ball 1-1: Called Strike 1-2: Strikes out swinging
|
Batting: RHB David Walker
|
0-0: Swinging Strike 0-1: Foul Ball, location: 2F 0-2: SINGLE (Line Drive, 4M)
|
Batting: LHB Terry Neal
|
0-0: Called Strike 0-1: Foul Ball, location: 2F 0-2: Ball 1-2: Strikes out looking
|
Pitching: RHP Roberto Solís
|
|
Batting: RHB Ángel Herrera
|
0-0: Ball 1-0: Foul Ball, location: 2F 1-1: Foul Ball, location: 2F 1-2: Ball 2-2: Ball 3-2: Ground out 3-1 (Groundball, 34)
|
Top of the 5th over - 0 run(s), 1 hit(s), 0 error(s), 1 left on base; Texas Tech 1 - Iowa 1 |
BOTTOM OF THE 5TH |
Iowa Hawkeyes batting - Pitching for Texas Tech Red Raiders : LHP José Martínez
|
Batting: RHB Rick Suárez
|
0-0: Foul Ball, location: 2F 0-1: Ground out 1-3 (Groundball, 13S)
|
Batting: LHB Jim Hutchinson
|
0-0: Ball 1-0: Swinging Strike 1-1: Swinging Strike 1-2: Ground out 4-3 (Groundball, 4M)
|
Batting: RHB Chris Boner
|
0-0: Called Strike 0-1: Ball 1-1: Ball 2-1: Foul Ball, location: 2F 2-2: SINGLE (Line Drive, 4MD)
|
Batting: RHB Jim Sharry
|
0-0: Called Strike 0-1: Ball 1-1: Ball 2-1: Called Strike 2-2: Ball 3-2: Foul Ball, location: 2F 3-2: Strikes out looking
|
Bottom of the 5th over - 0 run(s), 1 hit(s), 0 error(s), 1 left on base; Texas Tech 1 - Iowa 1 |
TOP OF THE 6TH |
Texas Tech Red Raiders batting - Pitching for Iowa Hawkeyes : RHP Roberto Solís
|
Batting: LHB Arthur Guzmán
|
0-0: Fly out, F6 (Popup, 6MD)
|
Batting: RHB Gilberto Bautista
|
0-0: Swinging Strike 0-1: Foul Ball, location: 2F 0-2: Strikes out looking
|
Batting: RHB Nick McIntyre
|
0-0: Foul Ball, location: 2F 0-1: Ball 1-1: Swinging Strike 1-2: Ball 2-2: Ball 3-2: Foul Ball, location: 2F 3-2: Strikes out swinging
|
Top of the 6th over - 0 run(s), 0 hit(s), 0 error(s), 0 left on base; Texas Tech 1 - Iowa 1 |
BOTTOM OF THE 6TH |
Iowa Hawkeyes batting - Pitching for Texas Tech Red Raiders : LHP José Martínez
|
Batting: RHB Pedro Cuevas
|
0-0: Called Strike 0-1: Swinging Strike 0-2: Strikes out looking
|
Pitching: LHP Woody Jeffery
|
|
Batting: RHB Jim Jones
|
0-0: Ball 1-0: Called Strike 1-1: Called Strike 1-2: Strikes out swinging
|
Batting: RHB Stephen Spence
|
0-0: Ball 1-0: Ball 2-0: Ball 3-0: Called Strike 3-1: Base on Balls
|
Batting: RHB Larry Davis
|
0-0: Called Strike 0-1: Ball 1-1: Called Strike 1-2: Ball 2-2: Ball 3-2: Base on Balls Stephen Spence to second
|
Batting: LHB Al Cramer
|
0-0: Called Strike 0-1: Called Strike 0-2: Ball 1-2: Fly out, F8 (Line Drive, 8RM)
|
Bottom of the 6th over - 0 run(s), 0 hit(s), 0 error(s), 2 left on base; Texas Tech 1 - Iowa 1 |
TOP OF THE 7TH |
Texas Tech Red Raiders batting - Pitching for Iowa Hawkeyes : RHP Roberto Solís
|
Batting: RHB Sam Lynch
|
0-0: Foul Ball, location: 2F 0-1: Ball 1-1: SINGLE (Flyball, 8LS)
|
Batting: RHB Rodrigo Castillo
|
0-0: Swinging Strike 0-1: Hit by Pitch Sam Lynch to second
|
Batting: RHB Wayne Hanson
|
0-0: Sac Bunt - play at first, batter OUT! 1-3 Sam Lynch to third Rodrigo Castillo to second
|
Pinch Hitting: RHB Aaron Adams
|
0-0: Called Strike 0-1: Foul Ball, location: 2F 0-2: Ball 1-2: Ball 2-2: Strikes out swinging
|
Batting: LHB Terry Neal
|
0-0: Intentional Walk
|
Batting: RHB Ángel Herrera
|
0-0: Fly out, F7 (Line Drive, 7LM)
|
Top of the 7th over - 0 run(s), 1 hit(s), 0 error(s), 3 left on base; Texas Tech 1 - Iowa 1 |
BOTTOM OF THE 7TH |
Iowa Hawkeyes batting - Pitching for Texas Tech Red Raiders : LHP Woody Jeffery
|
Now at SS: Aaron Adams
|
|
Batting: RHB Rick Suárez
|
0-0: Called Strike 0-1: Called Strike 0-2: Ball 1-2: Ball 2-2: Ball 3-2: Foul Ball, location: 2F 3-2: Fly out, F8 (Flyball, 8RS)
|
Pinch Hitting: LHB Jesús Torres
|
0-0: Ball 1-0: Ball 2-0: Ball 3-0: Called Strike 3-1: Swinging Strike 3-2: Base on Balls
|
Batting: RHB Chris Boner
|
0-0: Swinging Strike 0-1: Called Strike 0-2: Fly out, F7 (Flyball, 7S)
|
Batting: RHB Jim Sharry
|
0-0: Called Strike 0-1: DOUBLE (Line Drive, 9LS) Jesús Torres to third
|
Batting: RHB Pedro Cuevas
|
0-0: Ball 1-0: Ball 2-0: Fly out, F8 (Flyball, 8RM)
|
Bottom of the 7th over - 0 run(s), 1 hit(s), 0 error(s), 2 left on base; Texas Tech 1 - Iowa 1 |
TOP OF THE 8TH |
Texas Tech Red Raiders batting - Pitching for Iowa Hawkeyes : RHP Roberto Solís
|
Pitching: LHP Leonardo Canó
|
|
Now at SS: Miguel López
|
|
Batting: LHB Arthur Guzmán
|
0-0: Ball 1-0: Called Strike 1-1: Foul Ball, location: 2F 1-2: Strikes out looking
|
Pitching: RHP Albert Ballard
|
|
Batting: RHB Gilberto Bautista
|
0-0: Ball 1-0: Called Strike 1-1: Foul Ball, location: 2F 1-2: Ball 2-2: SINGLE (Groundball, 4D)
|
Batting: RHB Nick McIntyre
|
0-0: Ball 1-0: Swinging Strike 1-1: Ball 2-1: Ball 3-1: Called Strike 3-2: Foul Ball, location: 2F 3-2: Strikes out swinging
|
Batting: RHB Sam Lynch
|
0-0: Called Strike Gilberto Bautista steals 2nd base 0-1: Foul Ball, location: 2F 0-2: Ball 1-2: Ball 2-2: Fly out, F8 (Flyball, 8LM)
|
Top of the 8th over - 0 run(s), 1 hit(s), 0 error(s), 1 left on base; Texas Tech 1 - Iowa 1 |
BOTTOM OF THE 8TH |
Iowa Hawkeyes batting - Pitching for Texas Tech Red Raiders : LHP Woody Jeffery
|
Batting: RHB Jim Jones
|
0-0: Ball 1-0: Called Strike 1-1: Called Strike 1-2: Strikes out looking
|
Batting: RHB Stephen Spence
|
0-0: Ball 1-0: Called Strike 1-1: Swinging Strike 1-2: Strikes out looking
|
Batting: RHB Larry Davis
|
0-0: Ball 1-0: Called Strike 1-1: Swinging Strike 1-2: Ball 2-2: Ball 3-2: Foul Ball, location: 2F 3-2: Strikes out swinging
|
Bottom of the 8th over - 0 run(s), 0 hit(s), 0 error(s), 0 left on base; Texas Tech 1 - Iowa 1 |
TOP OF THE 9TH |
Texas Tech Red Raiders batting - Pitching for Iowa Hawkeyes : RHP Albert Ballard
|
Pitching: RHP Ryan Berry
|
|
Batting: RHB Rodrigo Castillo
|
0-0: Ball 1-0: Reached on error, E6 (Groundball, 56)
|
Batting: RHB Wayne Hanson
|
0-0: Sac Bunt - play at first, batter OUT! 1-3 Rodrigo Castillo to second
|
Batting: RHB Aaron Adams
|
0-0: Foul Ball, location: 2F 0-1: Ball 1-1: SINGLE (Groundball, 56D) Rodrigo Castillo to third
|
Batting: LHB Terry Neal
|
0-0: Called Strike Aaron Adams steals 2nd base 0-1: Foul Ball, location: 2F 0-2: Ball 1-2: Foul Ball, location: 2F 1-2: Ball 2-2: Fly out, F7 (Flyball, 7S)
|
Batting: RHB Ángel Herrera
|
0-0: Called Strike 0-1: Foul Ball, location: 2F 0-2: Ball 1-2: Foul Ball, location: 2F 1-2: Foul Ball, location: 2F 1-2: Reached on error, E6 (Groundball, 6) Rodrigo Castillo scores Aaron Adams to third
|
Batting: LHB Arthur Guzmán
|
0-0: Foul Ball, location: 2F 0-1: Foul Ball, location: 2F 0-2: Ball 1-2: Strikes out swinging
|
Top of the 9th over - 1 run(s), 1 hit(s), 2 error(s), 2 left on base; Texas Tech 2 - Iowa 1 |
BOTTOM OF THE 9TH |
Iowa Hawkeyes batting - Pitching for Texas Tech Red Raiders : LHP Woody Jeffery
|
Pitching: RHP Arnie Zapata
|
|
Batting: LHB Al Cramer
|
0-0: Called Strike 0-1: Foul Ball, location: 2F 0-2: Hit by Pitch
|
Pinch Hitting: RHB Carter Wilson
|
0-0: Ball 1-0: Sac Bunt - play at second, runner OUT! 2-6
|
Batting: RHB Miguel López
|
0-0: Swinging Strike 0-1: Ball 1-1: Foul Ball, location: 2F 1-2: Ball 2-2: Foul Ball, location: 2F 2-2: Ball 3-2: DOUBLE (Flyball, 9LM) Carter Wilson to third
|
Batting: RHB Chris Boner
|
0-0: Ground out 4-3 (Groundball, 4)
|
Batting: RHB Jim Sharry
|
0-0: Ball 1-0: Ball 2-0: Foul Ball, location: 2F 2-1: Ball 3-1: Base on Balls
|
Batting: RHB Pedro Cuevas
|
0-0: Called Strike 0-1: Foul Ball, location: 2F 0-2: Foul Ball, location: 2F 0-2: Ball 1-2: Ball 2-2: Fly out, F8 (Flyball, 8LD)
|
Bottom of the 9th over - 0 run(s), 1 hit(s), 0 error(s), 3 left on base; Texas Tech 2 - Iowa 1 |
|